 Dungeon Crawl Stone Soup version 0.30.0-29-ga12c61a403 (webtiles) character file.

Game seed: 11860217289004896643

151 qw the Chopper (level 5, -1/32 HPs)
             Began as a Gargoyle Fighter on June 2, 2023.
             Killed by nerve-wracking pain
             ... invoked by an orc priest
              (4 damage)
             ... on level 4 of the Dungeon.
             The game lasted 00:00:56 (2284 turns).

qw the Chopper (Gargoyle Fighter)                   Turns: 2284, Time: 00:00:56

Health: -1/32      AC: 10    Str: 21 (22) XL:     5   Next: 33%
Magic:  5/5        EV:  9    Int:  8      God:
Gold:   268        SH:  4    Dex:  7 (9)  Spells: 4/4 levels left

rFire   . . .        Y - +0 war axe
rCold   . . .        c - +0 buckler
rNeg    + . .        b - +0 scale mail
rPois   inf          (no helmet)
rElec   +            (no cloak)
rCorr   .            (no gloves)
SInv    .            (no boots)
Will    +....        (no amulet) Stlth
                     i - ring of willpower
HPRegen 0.25/turn    (no ring)
MPRegen 0.09/turn

%: no passive effects
@: no status effects
A: sickness immunity, AC +4, negative energy resistance 1, electricity
resistance, torment resistance 1, petrification resistance
a: no special abilities


You were on level 4 of the Dungeon.
You visited 1 branch of the dungeon, and saw 4 of its levels.

You collected 268 gold pieces.


Innate Abilities, Weirdness & Mutations

You are immune to sickness and miasma.
Your stone body is resilient. (AC +4)
You are immune to poison.
You resist negative energy. (rN+)
You are resistant to electric shocks. (rElec)
You are resistant to unholy torment.
You are immune to petrification.


   Skills:
 - Level 3.2 Fighting
 + Level 4.9 Axes
 - Level 3.2 Armour
 - Level 3.2 Shields


You had 4 spell levels left.
You didn't know any spells.
Your spell library was empty.

Inventory:

Hand Weapons
 f - a +0 flail
 Y - a +0 war axe (weapon)
Missiles
 m - a boomerang (quivered)
Armour
 b - a +0 scale mail (worn)
 c - a +0 buckler (worn)
Jewellery
 i - a ring of willpower (left hand)
Scrolls
 a - a scroll of identify
Potions
 d - a potion of might
 h - a potion of lignification
 j - a potion of cancellation

Dungeon Overview and Level Annotations

Branches:
Dungeon (4/15)
 Temple: D:4-7

Altars:
Trog
Xom

Shops:
D:3 (


Message History

You resist with some effort. The orc priest closely misses you.
The hound bites you but does no damage.
You slash the hound!
You kill the hound!
You hit the orc priest. The orc priest barely misses you.
The howler monkey completely misses you.
You feel your strength returning.
You have reached level 5!
You slash the orc priest!
You kill the orc priest!
You barely miss the orc. You completely miss the howler monkey.
The orc hits you but does no damage.
The orc priest invokes the aid of Beogh against you.
Beogh smites you!
Ouch! That really hurt!
The howler monkey hits you. The hound closely misses you.
You feel your intelligence returning.
You feel your dexterity returning.
You barely miss the hound. You slash the howler monkey!
You barely miss the orc.
The howler monkey hoots and howls with incredible vigour!
The hound bites you but does no damage. The orc barely misses you.
The howler monkey closely misses you. The hound barely misses you.
You slash the howler monkey!
The howler monkey is almost dead.
You closely miss the orc priest. You slash the orc!
You kill the orc!
You slash the hound! The hound barely misses you.
You block the orc priest's attack. The howler monkey hits you.
The orc throws a boomerang of dispersal.
The boomerang of dispersal closely misses you.
You hit the howler monkey.
The howler monkey is almost dead.
You barely miss the hound. You barely miss the orc priest.
The hound bites you but does no damage. You block the howler monkey's attack.
The orc priest closely misses you. The hound closely misses you.
The howler monkey hits you.
The orc priest invokes the aid of Beogh against you.
Pain shoots through your body!
You die...

###+##....
#........#
#........#
#........#
#........#
#####+##........##
#.........ho......
#.........@o......
#..........h......
#.................
#.................
..................
..................
......)<..........
......))..........
.................


You could see a howler monkey, a hound, an orc priest and an orc.

Vanquished Creatures
  A hound (D:4)
  An orc priest (D:4)
  An orc wizard (D:3)
  2 dart slugs (D:3)
  8 orcs
  7 ball pythons
  10 bats
  3 endoplasms
  A giant cockroach (D:1)
  5 goblins
  4 hobgoblins
  4 jackals
  A quokka (D:3)
  2 frilled lizards
  5 rats
55 creatures vanquished.

Notes
Turn   | Place    | Note
-------+----------+-------------------------------------------
     0 | D:1      | qw the Gargoyle Fighter began the quest for the Orb.
     0 | D:1      | Reached XP level 1. HP: 14/14 MP: 1/1
     0 | D:1      | 0 ||| qw: Version: 0.2-a-102-gdf20003
     0 | D:1      | 0 ||| qw: Game counter: 908
     0 | D:1      | 0 ||| qw: Always use a shield: true
     0 | D:1      | 0 ||| qw: God list: Okawaru
     0 | D:1      | 0 ||| qw: Allow faded altars: false
     0 | D:1      | 0 ||| qw: Do Orc after D:15 true
     0 | D:1      | 0 ||| qw: Do second Lair branch before Depths: true
     0 | D:1      | 0 ||| qw: Lair rune preference: random
     0 | D:1      | 0 ||| qw: Plans: Normal, Zot:1-4, Slime:5, God:TSO, Crypt,
                  | Tomb, Pan, Hells, Abyss, Win
     0 | D:1      | 0 ||| PLANNING D:1-11
   261 | D:1      | Reached skill level 2 in Axes
   291 | D:1      | Reached XP level 2. HP: 19/19 MP: 2/2
   960 | D:1      | 960 ||| READING scroll labelled WOJUDUN LEAMERGH.
   961 | D:1      | 961 ||| READING scroll labelled WISUUGAOLA.
   966 | D:1      | 966 ||| READING scroll labelled XUIJIOMIEM.
   967 | D:1      | 967 ||| DRINKING 2 puce potions.
  1027 | D:2      | 1027 ||| Stepping ~*~*~tactically~*~*~ (stealth).
  1034 | D:2      | Reached skill level 3 in Axes
  1114 | D:2      | Reached XP level 3. HP: 23/23 MP: 3/3
  1181 | D:2      | Found a shimmering altar of Xom.
  1424 | D:2      | 1424 ||| DROPPING ring of wizardry.
  1425 | D:2      | 1425 ||| UPGRADING to ring of willpower.
  1426 | D:2      | 1426 ||| READING 5 scrolls labelled GUICOZXAGUO.
  1427 | D:2      | 1427 ||| READING 4 scrolls of identify.
  1427 | D:2      | 1427 ||| IDENTIFYING bubbling clear potion
  1428 | D:2      | 1428 ||| READING 3 scrolls of identify.
  1428 | D:2      | 1428 ||| IDENTIFYING red potion
  1429 | D:2      | 1429 ||| READING 2 scrolls of identify.
  1429 | D:2      | 1429 ||| IDENTIFYING coppery potion
  1430 | D:2      | 1430 ||| DROPPING potion of magic.
  1431 | D:2      | 1431 ||| DROPPING potion of flight.
  1432 | D:2      | 1432 ||| DROPPING potion of berserk rage.
  1440 | D:3      | 1440 ||| Stepping ~*~*~tactically~*~*~ (hiding).
  1455 | D:3      | Reached XP level 4. HP: 10/28 MP: 4/4
  1538 | D:3      | 1538 ||| DROPPING +0 whip.
  1539 | D:3      | 1539 ||| DROPPING +0 club.
  1780 | D:3      | Reached skill level 4 in Axes
  1841 | D:3      | 1841 ||| Stepping ~*~*~tactically~*~*~ (hiding).
  1961 | D:3      | Found Qooz's Antique Weapon Boutique.
  2094 | D:3      | Found a bloodstained altar of Trog.
  2194 | D:3      | 2194 ||| READING scroll labelled JAOGGO YCUKHLAEST.
  2195 | D:3      | 2195 ||| READING scroll labelled XEPUDW ECUBB.
  2196 | D:3      | 2196 ||| DRINKING 2 clear potions.
  2197 | D:3      | 2197 ||| DRINKING 2 cyan potions.
  2198 | D:3      | 2198 ||| READING 2 scrolls of identify.
  2198 | D:3      | 2198 ||| IDENTIFYING golden potion
  2199 | D:3      | 2199 ||| DROPPING potion of brilliance.
  2200 | D:3      | 2200 ||| DROPPING potion of degeneration.
  2281 | D:4      | Reached XP level 5. HP: 27/32 MP: 5/5
  2281 | D:4      | HP: 8/32 [howler monkey (3)]
  2284 | D:4      | HP: 3/32 [howler monkey (1)]
  2284 | D:4      | Killed from afar by an orc priest

Levels and vault maps discovered:
D:1:      dpeg_cavernosity, layout_basic
D:2:      layout_basic, basic_altar
D:3:      layout_loops_ring, trog_butcher_becter, serial_shops,
          nicolae_shop_getting_attention, hangedman_decor_push
D:4:      layout_gridville, kennysheep_mini_moat

Skill      XL: |  1  2  3  4 |
---------------+-------------+-----
Axes           | 2 3 4 |  4.9
Fighting       | |  3.2
Armour         | |  3.2
Shields        | |  3.2

Action                     |  1- 3 |  4- 6 || total
---------------------------+-------+-------++-------
  Melee: War axe           |    89 |    39 ||   128
  Throw: Boomerang         |       |    12 ||    12
    Use: Scroll            |     7 |     3 ||    10
         Potion            |     1 |     2 ||     3
 Armour: Scale mail        |    54 |    20 ||    74
  Dodge: Dodged            |    45 |    23 ||    68
  Block: Buckler           |    27 |     6 ||    33

Table legend:
 A = Non-vault XP
 B = Vault XP
 C = Vault XP percentage of total XP
 D = Non-vault monster count
 E = Vault monster count
 F = Vault count percentage of total count
                 A         B        C        D         E       F
            +---------+---------+-------+---------+---------+-------
      Total |     203 |      13 |   6.0 |      47 |       8 |  14.5
            +---------+---------+-------+---------+---------+-------
        D:1 |      17 |       6 |  26.1 |      10 |       4 |  28.6
        D:2 |      18 |       0 |   0.0 |      11 |       0 |   0.0
        D:3 |      73 |       7 |   8.8 |      20 |       4 |  16.7
        D:4 |      95 |       0 |   0.0 |       6 |       0 |   0.0
            +---------+---------+-------+---------+---------+-------
